 Dungeon Crawl Stone Soup version 0.30-a0-422-g946f4849ff (webtiles) character file.

Game seed: 7833801135295033889

12554 funkygono the Thaumaturge (level 11, -5/79 HPs)
             Began as a Demonspawn Fire Elementalist on Dec 8, 2022.
             Was an Elder of Vehumet.
             Slain by a catoblepas (10 damage)
             ... while petrified by a catoblepas
             ... on level 1 of the Lair of Beasts.
             The game lasted 00:31:03 (14068 turns).

funkygono the Thaumaturge (DsFE)                   Turns: 14068, Time: 00:31:03

Health: -5/79      AC: 17    Str:  9    XL:     11   Next: 64%
Magic:  19/34      EV:  2    Int: 20    God:    Vehumet [****..]
Gold:   563        SH:  0    Dex: 14    Spells: 14/31 levels left

rFire   + . .      SeeInvis .    Q - +5 flail (protect)
rCold   x . .      Faith    .    (no shield)
rNeg    + + +      Spirit   .    a - +3 leather armour
rPois   ∞          Reflect  .    s - +2 helmet
rElec   .          Harm     .    q - +1 cloak
rCorr   .          Rampage  .    y - +0 pair of gloves
Will    .....                    E - +1 pair of boots
Stlth   ++........               (no amulet)
HPRegen 0.33/turn                P - ring of magical power
MPRegen 0.24/turn                u - ring of fire

@: agile, petrified, studying Fighting
A: rugged brown scales 3, powered by pain 1, demonic magic 1, demonic touch 2
a: Renounce Religion


You were on level 1 of the Lair of Beasts.
You worshipped Vehumet.
Vehumet was greatly pleased with you.
You visited 3 branches of the dungeon, and saw 12 of its levels.
You also visited: Bailey.

You collected 817 gold pieces.
You spent 254 gold pieces at shops.

Inventory:

Hand Weapons
 J - a +3 whip of flaming
 Q - a +5 flail of protection (weapon)
Armour
 a - a +3 leather armour (worn)
 q - a +1 cloak (worn)
 s - a +2 helmet (worn)
 y - a +0 pair of gloves (worn)
 E - a +1 pair of boots (worn)
Magical Staves
 d - a staff of poison
Jewellery
 f - a ring of willpower
 u - a ring of fire (right hand)
 x - a ring of resist corrosion
 K - a ring of protection from cold
 P - a ring of magical power (left hand)
Wands
 e - a wand of flame (47)
 H - a wand of polymorph (11)
 L - a wand of charming (6)
 R - a wand of roots (16)
 T - a wand of mindburst (4)
 V - a wand of digging (5)
Scrolls
 g - a scroll of brand weapon
 n - 4 scrolls of enchant armour
 C - 2 scrolls of blinking
 N - a scroll of magic mapping
Potions
 b - a potion of magic
 c - 8 potions of curing
 i - 2 potions of mutation
 k - 3 potions of cancellation
 m - 4 potions of degeneration {unknown}
 r - 2 potions of brilliance
 t - 2 potions of flight {unknown}
 z - 3 potions of might
 A - a potion of ambrosia {unknown}
 B - 2 potions of attraction {unknown}
 D - a potion of haste {unknown}
 F - a potion of heal wounds
 I - 2 potions of invisibility
 M - 2 potions of resistance


   Skills:
 + Level 2.6 Fighting
 + Level 3.8 Maces & Flails
 + Level 3.0 Armour
 + Level 3.7 Dodging
 - Level 1.7 Stealth
 + Level 10.7 Spellcasting
 + Level 7.5 Conjurations
 + Level 10.3 Fire Magic
 + Level 0.1 Air Magic


You had 14 spell levels left.
You knew the following spells:

 Your Spells              Type           Power      Damage    Failure   Level
a - Foxfire               Conj/Fire      100%       2x1d9     1%          1
b - Scorch                Fire           100%       2d10      1%          2
c - Kindle Blastsparks    Fire/Tloc/Air  74%        2d16      1%          3
d - Flame Wave            Conj/Fire      62%        2d14      1%          4
e - Freeze                Ice            40%        1d6       2%          1
f - Frozen Ramparts       Ice            20%        1d4       7%          3
g - Ignite Poison         Fire/Tmut/Pois 36%        N/A       1%          3

Your spell library contained the following spells:

 Spells                   Type           Power      Damage    Failure   Level
 Momentum Strike          Conj/Tloc      50%        3d9       1%          2
 Inner Flame              Hex/Fire       47%        N/A       1%          3
 Blink                    Tloc           20%        N/A       13%         2
 Cigotuvi's Dreadful Rot  Necr/Pois/Air  20%        N/A       13%         2
 Lesser Beckoning         Tloc           20%        N/A       26%         3
 Dispel Undead            Necr           10%        3d9       65%         4
 Death Channel            Necr           5%         N/A       100%        6
 Summon Cactus Giant      Summ           5%         N/A       100%        6


Dungeon Overview and Level Annotations

Branches:
Dungeon (10/15)            Temple (1/1) D:7            Lair (1/5) D:9
    Orc (0/2) D:9          Bailey (visited)

Altars:
Ashenzari
Cheibriados
Dithmenos
Fedhas
Gozag
Hepliaklqana
Kikubaaqudgha
Makhleb
Nemelex Xobeh
Okawaru
Qazlal
Ru
Sif Muna
Trog
Uskayaw
Vehumet
Wu Jian
Xom
Yredelemnul

Shops:
D:1 (   D:5 [   D:7 :(*

Annotations:
D:4 2 transporters
D:8 2 transporters, initializr's ghost, novice HOBr


Innate Abilities, Weirdness & Mutations

You are completely covered in rugged brown scales. (AC +3, +7% HP)
You sometimes gain a little power by taking damage.
Spells you cast may paralyse adjacent enemies.
Your touch may inflict irresistible damage on your foes.


Message History

The catoblepas barely misses you.
You are engulfed in calcifying dust.
The catoblepas gores you!
You are engulfed in calcifying dust.
The catoblepas gores you!
* * * LOW HITPOINT WARNING * * *
You are engulfed in calcifying dust.
The catoblepas breathes a plume of calcifying dust at you.
The blast of calcifying dust hits you but does no damage.
You are engulfed in calcifying dust.
The catoblepas gores you!!
* * * LOW HITPOINT WARNING * * *
You turn to flesh and can move again.
The catoblepas breathes a plume of calcifying dust at you.
The blast of calcifying dust hits you but does no damage.
Casting: Scorch (safe; 1% risk of failure)
Confirm with . or Enter, or press ? or * to list all spells.
Okay, then.
The catoblepas attacks as you move away!
The catoblepas gores you but does no damage.
The catoblepas breathes a plume of calcifying dust at you.
The blast of calcifying dust hits you but does no damage.
Casting: Scorch (safe; 1% risk of failure)
Confirm with . or Enter, or press ? or * to list all spells.
You feel a surge of power!
Flames lash the catoblepas.
The catoblepas is almost dead.
The catoblepas's fire resistance burns away.
Malevolent energies surge around you.
You are engulfed in calcifying dust.
You are slowing down.
The catoblepas breathes a plume of calcifying dust at you.
The blast of calcifying dust hits you.
* * * LOW HITPOINT WARNING * * *
Casting: Scorch (safe; 1% risk of failure)
Confirm with . or Enter, or press ? or * to list all spells.
You feel a surge of power!
Flames lash the catoblepas.
The catoblepas is burned terribly!
The catoblepas is almost dead.
Malevolent energies surge around you.
You are engulfed in calcifying dust.
Your limbs have turned to stone.
The catoblepas breathes a plume of calcifying dust at you.
The blast of calcifying dust hits you.
You have turned to stone.
You are engulfed in calcifying dust.
The catoblepas gores you!!
You die...

,~,,,*
*#......##.#..,,,,,,,,,
,~~,**
#............,,,,,,,,*
,,~,*
##...........,,,,,,***
,,~,*
#...........,,******
,~~,* ####........##***
,~,** ***#..........##
,~,* **,.....#......##
~~,* *,,..#P##.......#
~,,* ***#*##*##§@Y...#
~,,* #......# ~~,*
#.§....# ,~,* #......#
,~,** ##......# ,~*,*
#.......# ***,*
##......# ,,,,*
#../.(..# ,,,***
##.......#


You could see a catoblepas (combustible).

Vanquished Creatures
  Urug (Lair:1)
  Pikel (D:5)
  Maurice (D:9)
  A komodo dragon (D:10)
  A cane toad (Lair:1)
  2 kobold demonologists (D:10)
  A troll (D:8)
  A shadow (D:10)
  2 wyverns
  14 yaks
  2 steam dragons (D:9)
  4 water moccasins
  Duvessa (D:7)
  3 sky beasts
  2 black bears (D:6)
  17 orc warriors
  An ice beast (D:6)
  12 centaurs
  A lemure (D:5)
  2 phantoms
  3 kobold brigands
  4 bullfrogs
  3 gnoll sergeants
  A necrophage (D:5)
  8 scorpions
  Blork the orc (D:5)
  Dowan (D:7)
  9 killer bees
  5 electric eels (D:9)
  Crazy Yiuf (D:2)
  6 orc priests
  3 hounds
  2 gnoll boudas
  3 jellies
  3 iguanas
  Ijyb (D:5)
  Jessica (D:3)
  14 orc wizards
  11 adders
  33 gnolls
  2 white imps
  An ufetubus (D:5)
  7 worms
  2 dart slugs
  65 orcs
  9 ball pythons
  3 endoplasms (D:1)
  A giant cockroach (D:2)
  5 goblins
  9 hobgoblins
  9 jackals
  5 quokkas
  6 bats
  5 frilled lizards
  14 kobolds
  6 rats
332 creatures vanquished.

Vanquished Creatures (collateral kills)
  A foxfire (D:3)
1 creature vanquished.

Vanquished Creatures (others)
  1106 foxfires
  2 fungi
  5 plants (Lair:1)
1113 creatures vanquished.

Grand Total: 1446 creatures vanquished

Notes
Turn   | Place    | Note
-------+----------+-------------------------------------------
     0 | D:1      | funkygono the Demonspawn Fire Elementalist began the quest
                  | for the Orb.
     0 | D:1      | Reached XP level 1. HP: 13/13 MP: 3/3
   312 | D:1      | Gained mutation: You sometimes gain a little power by
                  | taking damage. [demonic ancestry]
   312 | D:1      | Reached XP level 2. HP: 19/19 MP: 3/5
   315 | D:1      | Learned a level 2 spell: Scorch
  1070 | D:1      | Found Ynoamm's Weapon Shop.
  1330 | D:1      | Gained mutation: Your touch may inflict minor irresistible
                  | damage on your foes. [demonic ancestry]
  1330 | D:1      | Reached XP level 3. HP: 24/24 MP: 3/6
  1407 | D:2      | You fall into a shaft and drop 1 floor!
  2013 | D:2      | Found a runed translucent door.
  2014 | D:2      | Noticed Crazy Yiuf
  2072 | D:2      | Gained mutation: Your touch may inflict irresistible damage
                  | on your foes. [demonic ancestry]
  2072 | D:2      | Reached XP level 4. HP: 31/31 MP: 1/7
  2076 | D:2      | Learned a level 3 spell: Kindle Blastsparks
  2685 | D:2      | Killed Crazy Yiuf
  2898 | D:3      | Found the +3 giant club "Skullcrusher" {speed, Str+7}
  2903 | D:3      | Noticed Jessica
  2915 | D:2      | Gained mutation: Spells you cast may paralyse adjacent
                  | enemies. [demonic ancestry]
  2915 | D:2      | Reached XP level 5. HP: 24/36 MP: 0/9
  2995 | D:3      | Killed Jessica
  3332 | D:3      | Found a hide-covered altar of Uskayaw.
  3755 | D:3      | Learned a level 4 spell: Flame Wave
  3860 | D:4      | Reached XP level 6. HP: 42/42 MP: 8/12
  4525 | D:4      | Found a transporter.
  4702 | D:4      | Found a transporter.
  5206 | D:5      | Entered Level 5 of the Dungeon
  5281 | D:5      | Gained mutation: You are partially covered in rugged brown
                  | scales. (AC +1, +3% HP) [demonic ancestry]
  5281 | D:5      | Reached XP level 7. HP: 42/48 MP: 11/14
  5418 | D:5      | Reached skill level 5 in Spellcasting
  5418 | D:5      | Reached skill level 5 in Fire Magic
  5981 | D:5      | Found Zaquw's Armour Shop.
  6027 | D:5      | Bought a +0 pair of boots for 54 gold pieces
  6050 | D:5      | Noticed Blork the orc
  6054 | D:5      | Reached skill level 1 in Fighting
  6054 | D:5      | Gained mutation: You are mostly covered in rugged brown
                  | scales. (AC +2, +5% HP) [demonic ancestry]
  6054 | D:5      | Reached XP level 8. HP: 48/56 MP: 12/16
  6060 | D:5      | Killed Blork the orc
  6275 | D:5      | Noticed Ijyb
  6279 | D:5      | Killed Ijyb
  6430 | D:5      | Noticed Pikel
  6438 | D:5      | Killed Pikel
  6439 | D:5      | Reached skill level 1 in Maces & Flails
  6852 | D:6      | Reached skill level 1 in Armour
  6987 | D:6      | Reached XP level 9. HP: 57/61 MP: 8/19
  7636 | D:7      | Found Guddie Hino's Weapon Emporium.
  7645 | D:7      | Found a staircase to the Ecumenical Temple.
  7654 | Temple   | Entered the Ecumenical Temple
  7662 | Temple   | Became a worshipper of Vehumet
  7896 | D:7      | Noticed Duvessa
  7911 | D:7      | Killed Duvessa
  8082 | D:7      | Found a broken altar of Ashenzari.
  8084 | D:7      | Noticed Dowan
  8088 | D:7      | Killed Dowan
  8121 | D:7      | Found a hazy altar of Hepliaklqana.
  8123 | D:7      | Found a sacrificial altar of Ru.
  8123 | D:7      | Found an ancient bone altar of Kikubaaqudgha.
  8185 | D:7      | Found Hef Qim's General Store.
  8230 | D:7      | Bought a ring of magical power for 200 gold pieces
  8275 | D:7      | Found Petrioc's Book Emporium.
  8521 | D:7      | Found an ornate altar of the Wu Jian Council.
  8698 | D:8      | Gained mutation: You are completely covered in rugged brown
                  | scales. (AC +3, +7% HP) [demonic ancestry]
  8698 | D:8      | Reached XP level 10. HP: 61/70 MP: 22/22
  8700 | D:8      | Reached * piety under Vehumet
  8700 | D:8      | Offered knowledge of Shock by Vehumet.
  8751 | D:8      | Reached skill level 5 in Conjurations
  9102 | D:8      | Offered knowledge of Freeze by Vehumet.
  9195 | D:8      | Found a transporter.
  9197 | D:8      | Noticed initializr's ghost (novice HOBr)
  9203 | D:8      | Noticed a moth of wrath
  9244 | D:8      | Found a transporter.
  9332 | D:8      | Found a sparkling altar of Nemelex Xobeh.
  9337 | D:8      | Found a bloodstained altar of Trog.
  9343 | D:8      | Found a stormy altar of Qazlal.
  9343 | D:8      | Found a snail-covered altar of Cheibriados.
  9350 | D:8      | Found a shimmering blue altar of Sif Muna.
  9477 | D:8      | Learned a level 1 spell: Freeze
  9525 | D:9      | Reached ** piety under Vehumet
  9738 | D:9      | Found a staircase to the Lair.
 10030 | D:9      | Noticed Maurice
 10067 | D:9      | Killed Maurice
 10068 | D:9      | Reached skill level 10 in Spellcasting
 10308 | D:9      | Reached XP level 11. HP: 65/78 MP: 23/25
 10366 | D:9      | Offered knowledge of Poisonous Vapours by Vehumet.
 10420 | D:9      | Found a staircase to the Orcish Mines.
 10677 | D:9      | Reached *** piety under Vehumet
 11027 | D:10     | Entered Level 10 of the Dungeon
 11252 | D:10     | Offered knowledge of Frozen Ramparts by Vehumet.
 11384 | D:10     | Found a flagged portal.
 11391 | Bailey   | Entered a bailey
 11779 | Bailey   | Learned a level 3 spell: Frozen Ramparts
 11836 | Bailey   | HP: 1/78 [orc warrior/+0 glaive (16)]
 12059 | Bailey   | Reached **** piety under Vehumet
 12277 | Bailey   | Reached skill level 10 in Fire Magic
 12636 | Bailey   | Offered knowledge of Ignite Poison by Vehumet.
 13786 | D:10     | Learned a level 3 spell: Ignite Poison
 13918 | Lair:1   | Entered Level 1 of the Lair of Beasts
 13935 | Lair:1   | Noticed Urug
 13951 | Lair:1   | Killed Urug
 14035 | Lair:1   | Noticed a catoblepas
 14068 | Lair:1   | Slain by a catoblepas

Illustrated notes

Levels and vault maps discovered:
D:1:      erik_arrival_triangle_small, layout_basic, serial_shops,
          nicolae_shop_behind_doors
D:2:      layout_loops_ring, uniq_crazy_yiuf_cottage
D:3:      layout_rooms, mainiacjoe_overflow_tiny_flanked, minmay_between,
          uniq_jessica
D:4:      gammafunk_wand_slinger, layout_loops_corners,
          cheibrodos_sewer_entry_bend
D:5:      layout_basic, serial_shops, nicolae_shop_crystal, grunt_ministairs_7,
          uniq_ijyb, uniq_blork_the_orc, uniq_pikel
D:6:      layout_basic
D:7:      layout_loops_ring, nicolae_wu_jian_wuxing_cycle,
          grunt_temple_overflow_open, minmay_temple_entry_large_hall,
          serial_shops, shop, nicolae_shop_crystal, shop_coins, uniq_duvessa
D:8:      layout_rooms, nicolae_overflow_hallway_of_the_gods,
          gammafunk_ghost_berserking_beasts
D:9:      layout_basic, lair_entry_dummy, erik_orc_2, uniq_maurice
D:10:     layout_loops_corners, enter_bailey_1, dk_noncrumbling_2
Temple:   nicolae_temple_bog_church
Lair:1:   layout_hall_layers, nicolae_volcano_entry_vermiform,
          grunt_forest_large_clearing_hut, uniq_urug

Skill      XL: |  1  2  3  4  5  6  7  8  9 10 11 |
---------------+----------------------------------+-----
Dodging        | 2 3 |  3.7
Fire Magic     | 3 4 5 7 8 9 10 | 10.3
Spellcasting   | 3 4 5 7 8 10 | 10.7
Conjurations   | 2 3 4 5 7 |  7.5
Fighting       | 1 2 |  2.6
Maces & Flails | 1 2 3 |  3.8
Armour         | 1 2 3 |  3.0
Stealth        | |  1.7
Air Magic      | |  0.1

Action                   |  1- 3 |  4- 6 |  7- 9 | 10-12 || total
-------------------------+-------+-------+-------+-------++-------
Melee: Club              |    16 |       |       |       ||    16
       Whip              |     9 |     9 |    62 |       ||    80
       Touch             |     1 |     3 |    15 |     9 ||    28
       Punch             |       |       |     1 |     1 ||     2
       Flail             |       |       |       |    57 ||    57
 Cast: Foxfire           |    59 |    90 |   107 |   382 ||   638
       Scorch            |     8 |    31 |    48 |    79 ||   166
       Flame Wave        |       |       |     2 |    16 ||    18
       Kindle Blastspark |       |       |       |     2 ||     2
       Frozen Ramparts   |       |       |       |     1 ||     1
  Use: Scroll            |       |    11 |     8 |     8 ||    27
       Potion            |       |       |       |     1 ||     1
 Stab: Paralysed         |       |       |    12 |     4 ||    16
Armor: Robe              |     8 |     6 |     6 |       ||    20
       Leather armour    |       |       |    16 |    82 ||    98
Dodge: Dodged            |    35 |    20 |    38 |   102 ||   195

Table legend: (Time is in decaauts)
 A = Elapsed time spent in this place.
 B = Non-inter-level travel time spent in this place.
 C = Inter-level travel time spent in this place.
 D = Time resting spent in this place.
 E = Time spent auto-exploring this place.
 F = Levels seen in this place.
 G = Mean time per level.
                   A        B        C        D        E       F      G
               +--------+--------+--------+--------+--------+-----+--------+
         Total |  14112 |  13845 |    267 |   1588 |   9062 |  13 | 1085.5 |
       Dungeon |  12196 |  11942 |    254 |    841 |   8580 |  10 | 1219.6 |
        Temple |    188 |    176 |     12 |      0 |    161 |   1 |  188.0 |
          Lair |    150 |    150 |      0 |     68 |      0 |   1 |  150.0 |
        Bailey |   1576 |   1576 |      0 |    679 |    321 |   1 | 1576.0 |
               +--------+--------+--------+--------+--------+-----+--------+

Top non-repeatable levels by time:
     D:2: 1647 daAuts
     D:9: 1633 daAuts
     D:5: 1606 daAuts
  Bailey: 1576 daAuts
     D:4: 1448 daAuts
     D:1: 1411 daAuts
    D:10: 1253 daAuts
     D:7: 880 daAuts
     D:6: 819 daAuts
     D:8: 787 daAuts
     D:3: 708 daAuts
  Temple: 188 daAuts
  Lair:1: 150 daAuts
